 Dungeon Crawl Stone Soup version 0.30-a0-948-g4fa250aae5 (webtiles) character file.

Game seed: 295380446330417174

158 fozzywoppz the Conjurer (level 5, -1/28 HPs)
             Began as a Deep Elf Conjurer on Mar 26, 2023.
             Slain by Duvessa
             ... wielding a +0 short sword
              (13 damage)
             ... on level 4 of the Dungeon.
             The game lasted 00:09:18 (3270 turns).

fozzywoppz the Conjurer (Deep Elf Conjurer)         Turns: 3270, Time: 00:09:19

Health: -1/28      AC:  2    Str:  4    XL:     5   Next: 16%
Magic:  5/13       EV: 13    Int: 25    God:
Gold:   194        SH:  0    Dex: 13    Spells: 6/12 levels left

rFire   . . .      SeeInvis .    h - +0 dagger
rCold   . . .      Faith    .    (no shield)
rNeg    . . .      Spirit   .    a - +0 robe
rPois   .          Reflect  .    (no helmet)
rElec   .          Rampage  .    (no cloak)
rCorr   .                        (no gloves)
Will    .....                    (no boots)
Stlth   +++                      (no amulet)
HPRegen 0.24/turn                r - ring of wizardry
MPRegen 0.13/turn                (no ring)

@: no status effects
A: no striking features
a: no special abilities


You were on level 4 of the Dungeon.
You visited 1 branch of the dungeon, and saw 4 of its levels.

You collected 220 gold pieces.
You spent 26 gold pieces at shops.

Inventory:

Hand Weapons
 h - a +0 dagger (weapon)
Missiles
 p - 2 javelins
Armour
 a - a +0 robe (worn)
Jewellery
 r - a ring of wizardry (left hand)
Wands
 u - a wand of iceblast (11)
Scrolls
 d - a scroll of magic mapping {unknown}
 f - 3 scrolls of immolation {unknown}
 i - 2 scrolls of butterflies {unknown}
 j - a scroll of blinking {unknown}
 k - 3 scrolls of noise {unknown}
 n - 2 scrolls of identify
 s - a scroll of enchant armour {unknown}
 t - a scroll of teleportation {unknown}
Potions
 b - a potion of magic
 c - 2 potions of curing
 e - 2 potions of heal wounds {unknown}
 g - a potion of flight {unknown}
 l - 3 potions of attraction
 m - a potion of haste {unknown}
 o - a potion of lignification {unknown}
 q - a potion of brilliance {unknown}


   Skills:
 + Level 3.7 Dodging
 + Level 4.1 Stealth
 + Level 4.4 Spellcasting
 + Level 5.2 Conjurations


You had 6 spell levels left.
You knew the following spells:

 Your Spells              Type           Power      Damage    Failure   Level
a - Magic Dart            Conj           100%       1d8       1%          1
b - Searing Ray           Conj           62%        2d6       1%          2
c - Dazzling Flash        Conj/Hex       36%        N/A       3%          3

Your spell library contained the following spells:

 Spells                   Type           Power      Damage    Failure   Level
 Slow                     Hex            20%        N/A       3%          1
 Confusing Touch          Hex            5%         N/A       11%         3
 Vampiric Draining        Necr           5%         2d6       11%         3
 Fulminant Prism          Conj/Hex       9%         3d6       12%         4
 Iskenderun's Mystic Bla  Conj/Tloc      18%        2d6       12%         4
 Starburst                Conj/Fire      9%         6d5       86%         6


Dungeon Overview and Level Annotations

Branches:
Dungeon (4/15)
 Temple: D:4-7

Altars:
Ashenzari
Cheibriados
Elyvilon
Kikubaaqudgha
Makhleb
Nemelex Xobeh
Okawaru
Qazlal
Ru
Trog

Shops:
D:1 !   D:2 ?*(

Annotations:
D:4 Duvessa


Message History

Your Stealth skill increases to level 4!
You have reached level 5!
Duvessa barely misses you.
You climb upwards.
There is a stone staircase leading down here.
You start resting.
HP restored.
You start resting.
Magic restored.
You climb downwards.
Level annotation: Duvessa Duvessa hits you with a +0 short sword.
Duvessa hits you with a +0 short sword!
There is a stone staircase leading up, spattered with blood here.
Casting: Magic Dart (safe; 1% risk of failure)
Confirm with . or Enter, or press ? or * to list all spells.
Casting: Dazzling Flash (dangerous; 3% risk of failure)
Press: ? - help, Dir - look around, f - activate Duvessa is dazzled.
Duvessa barely misses you.
Unknown command.
Casting: Dazzling Flash (dangerous; 3% risk of failure)
Confirm with . or Enter, or press ? or * to list all spells.
Aiming: Searing Ray (safe; 1% risk of failure)
Press: ? - help, Shift-Dir - straight line, f - Duvessa
Aim: Duvessa, wielding a +0 short sword and wearing a +0 leather armour (berserk, blind, 82% to hit)
The searing ray hits Duvessa.
Duvessa is lightly wounded. (Press . to maintain the ray.) Duvessa barely misses you.
Duvessa completely misses you.
The searing ray hits Duvessa!
Duvessa is moderately wounded.
Unknown command.
The searing ray hits Duvessa but does no damage.
Duvessa is moderately wounded.
Duvessa barely misses you. Duvessa misses you.
Unknown command.
The searing ray hits Duvessa!
Duvessa is heavily wounded.
You finish channelling your searing ray.
Duvessa hits you with a +0 short sword!
You die...

##.....# #..
##....$.##..
#..........
..........#
.......)..#
........[.#
........e.#
........@.#
.......####
#.#####


You could see Duvessa (berserk, blind).

Vanquished Creatures
  Dowan (D:4)
  4 adders
  5 dart slugs
  9 orcs (D:3)
  2 endoplasms
  A giant cockroach (D:2)
  7 goblins
  A hobgoblin (D:1)
  4 jackals (D:2)
  A kobold (D:1)
  3 quokkas
  2 ball pythons (D:3)
  6 bats
  2 frilled lizards
  3 rats
51 creatures vanquished.

Notes
Turn   | Place    | Note
-------+----------+-------------------------------------------
     0 | D:1      | fozzywoppz the Deep Elf Conjurer began the quest for the
                  | Orb.
     0 | D:1      | Reached XP level 1. HP: 10/10 MP: 6/6
    83 | D:1      | Found Nycluod's Distillery.
   458 | D:1      | Reached XP level 2. HP: 15/15 MP: 5/8
   461 | D:1      | Learned a level 2 spell: Searing Ray
   857 | D:2      | Found Gisienna's Antique Weapon Shop.
   951 | D:2      | Found Koredwoj's General Store.
   961 | D:2      | Bought a scroll of identify for 26 gold pieces
  1163 | D:2      | Reached XP level 3. HP: 18/19 MP: 1/10
  1242 | D:2      | Found Rioj's Magic Scroll Boutique.
  2077 | D:3      | Found a bloodstained altar of Trog.
  2099 | D:3      | Found a sacrificial altar of Ru.
  2100 | D:3      | Found a sparkling altar of Nemelex Xobeh.
  2100 | D:3      | Found a burning altar of Makhleb.
  2100 | D:3      | Found an ancient bone altar of Kikubaaqudgha.
  2304 | D:3      | Reached XP level 4. HP: 24/24 MP: 6/11
  2472 | D:3      | Found a broken altar of Ashenzari.
  2499 | D:3      | Learned a level 3 spell: Dazzling Flash
  2580 | D:3      | Reached skill level 5 in Conjurations
  2649 | D:3      | Found a faded altar of an unknown god.
  2687 | D:3      | Found a snail-covered altar of Cheibriados.
  2697 | D:3      | Found a white marble altar of Elyvilon.
  2941 | D:3      | Found a stormy altar of Qazlal.
  3061 | D:3      | Found an iron altar of Okawaru.
  3156 | D:4      | Noticed Dowan
  3166 | D:4      | Noticed Duvessa
  3171 | D:4      | Killed Dowan
  3172 | D:4      | Reached XP level 5. HP: 16/28 MP: 1/13
  3270 | D:4      | Slain by Duvessa

Illustrated notes

Levels and vault maps discovered:
D:1:      minmay_arrival_four_loops, layout_basic, serial_shops, shop,
          minmay_misc_feat_x, minmay_tromino_mix6
D:2:      layout_basic, serial_shops, shop, nicolae_shop_hallway_plus,
          nicolae_square_shop, chequers_serial_rivers_micro_e
D:3:      layout_basic, lemuel_coloured_pillars_altar,
          chequers_temple_overflow_statue_of_worship,
          ashenzari_conservatory_becter, okawaru_trees_1,
          mainiacjoe_overflow_chevrons, minitemple,
          shapermc_ecumenical_altar_pompeii
D:4:      layout_cave_pods, uniq_duvessa

Skill      XL: |  1  2  3  4 |
---------------+-------------+-----
Stealth        | 3 4 |  4.1
Dodging        | 3 |  3.7
Spellcasting   | 4 |  4.4
Conjurations   | 5 |  5.2

Action                     |  1- 3 |  4- 6 || total
---------------------------+-------+-------++-------
  Melee: Dagger            |     4 |     7 ||    11
   Cast: Magic Dart        |    50 |    34 ||    84
         Searing Ray       |     6 |     7 ||    13
         Dazzling Flash    |       |     1 ||     1
    Use: Scroll            |     2 |       ||     2
         Potion            |       |     1 ||     1
 Armour: Robe              |     3 |     1 ||     4
  Dodge: Dodged            |     8 |    14 ||    22

Table legend: (Time is in decaauts)
 A = Elapsed time spent in this place.
 B = Non-inter-level travel time spent in this place.
 C = Inter-level travel time spent in this place.
 D = Time resting spent in this place.
 E = Time spent auto-exploring this place.
 F = Levels seen in this place.
 G = Mean time per level.
                   A        B        C        D        E       F      G
               +--------+--------+--------+--------+--------+-----+--------+
         Total |   3268 |   3194 |     74 |    130 |   2590 |   4 |  817.0 |
       Dungeon |   3268 |   3194 |     74 |    130 |   2590 |   4 |  817.0 |
               +--------+--------+--------+--------+--------+-----+--------+

Top non-repeatable levels by time:
     D:2: 1252 daAuts
     D:3: 1170 daAuts
     D:1: 823 daAuts
     D:4: 22 daAuts
